 Dungeon Crawl Stone Soup version 0.31.0-32-g396128a36d (webtiles) character file.

Game seed: 13079940831174173190

275 Peloso the Covered (level 6, 0/53 HPs)
             Began as a Minotaur Fighter on Apr 6, 2024.
             Slain by Grinder (7 damage)
             ... on level 3 of the Dungeon.
             The game lasted 00:05:30 (2647 turns).

Peloso the Covered (Minotaur Fighter)               Turns: 2647, Time: 00:05:31

Health: 0/53       AC:  7    Str: 20    XL:     6   Next: 3%
Magic:  5/5        EV:  9    Int:  5    God:
Gold:   139        SH:  5    Dex: 12    Spells: 5/5 levels left

rFire   . . .        a - +0 long sword
rCold   . . .        d - +0 buckler
rNeg    . . .        b - +0 scale mail
rPois   .            (helmet currently unavailable)
rElec   .            (cloak currently unavailable)
rCorr   .            (gloves currently unavailable)
SInv    .            (boots currently unavailable)
Will    .....        (no amulet) Stlth
                     (no ring)
HPRegen 0.28/turn    (no ring)
MPRegen 0.09/turn

%: no passive effects
@: beast-form
A: beast (slay +0), horns 2, retaliatory headbutt
a: Begin Untransformation


You were on level 3 of the Dungeon.
You were a hulking beast.
You visited 1 branch of the dungeon, and saw 3 of its levels.
You also visited: Sewer.

You collected 139 gold pieces.

Inventory:

Hand Weapons
 a - a +0 long sword (weapon)
Missiles
 q - a throwing net (quivered)
Armour
 b - a +0 scale mail (worn)
 c - a +0 pair of gloves
 d - a +0 buckler (worn)
Jewellery
 e - a ring of magical power
 i - a ring of positive energy
 l - a ring of fire
Talismans
 g - a beast talisman (active)
Wands
 t - a wand of paralysis (6)
Scrolls
 f - a scroll of poison
 o - a scroll of enchant armour {unknown}
Potions
 h - 3 potions of might
 j - a potion of experience {unknown}
 k - a potion of curing {unknown}
 m - a potion of berserk rage
 n - a potion of enlightenment {unknown}
 p - 2 potions of resistance
 r - a potion of brilliance {unknown}
 s - a potion of attraction {unknown}


   Skills:
 + Level 4.5 Fighting
 + Level 4.9 Long Blades
 + Level 4.9 Armour
 + Level 1.2 Dodging
 + Level 0.2 Stealth
 + Level 4.4 Shields
 + Level 1.0 Shapeshifting


You had 5 spell levels left.
You didn't know any spells.
Your spell library contained the following spells:

 Spells                   Type           Power      Damage    Failure   Level
 Slow                     Hex            0%         N/A       87%         1
 Confusing Touch          Hex            0%         N/A       99%         3
 Sigil of Binding         Hex            0%         N/A       99%         3
 Vampiric Draining        Necr           0%         2d6       99%         3


Dungeon Overview and Level Annotations

Branches:
Dungeon (3/15)              Sewer (visited)

Altars:
Cheibriados
The Shining One

Annotations:
D:3 Grinder


Innate Abilities, Weirdness & Mutations

You are a hulking beast.
Your limbs bulge with bestial killing power. (Slay +0)
You have a pair of horns on your head.
You reflexively headbutt those who attack you in melee.


Message History

You furiously retaliate!
You headbutt the gnoll! You slash the gnoll!
You kill the gnoll!
Grinder barely misses you.
You have reached level 6!
You slash Grinder! Your headbutt misses Grinder.
Grinder is moderately wounded.
Grinder gestures at you. Pain shoots through your body!
You barely miss Grinder.
Grinder is moderately wounded.
Grinder hits you!
You writhe in agony.
You slash Grinder! Your headbutt misses Grinder.
Grinder is heavily wounded.
Grinder hits you but does no damage.
You barely miss Grinder.
Grinder is heavily wounded.
Grinder barely misses you. Grinder hits you but does no damage.
You hit Grinder.
Grinder is heavily wounded.
Grinder hits you but does no damage.
You hit Grinder but do no damage. Your headbutt misses Grinder.
Grinder is heavily wounded.
Grinder says, "Wait up."
Grinder hits you.
You writhe in agony.
* * * LOW HITPOINT WARNING * * *
You closely miss Grinder. You headbutt Grinder!
Grinder is severely wounded.
Grinder hits you but does no damage.
You hit Grinder but do no damage.
Grinder is severely wounded.
Grinder hits you but does no damage. Grinder hits you.
* * * LOW HITPOINT WARNING * * *
You writhe in agony.
* * * LOW HITPOINT WARNING * * *
You hit Grinder.
Grinder is almost dead.
Grinder hits you!
You die...
Grinder says, "Now the real fun starts!"

..........~~~~.~~~~....##
..........~~~~~~~~~......
.........###########...##
..........# .#.##.....#
#..........# .......#...
#..........#####...........
#..........................
#.............<#..#.#..##.#
#.........h###....####.#.##
#........5)###....# .... #
#.........$......##..... #
#......#.#.##.....'.._.. .
#####†...#.......##..... .
#.............##......#
#.......#.#.......####+##
####.........##..(#
#...........#....


You could see Grinder.

Vanquished Creatures
  A crocodile (Sewer)
  A brain worm (Sewer)
  3 gnolls
  2 adders (D:3)
  A white imp (D:3)
  A dart slug (D:2)
  7 endoplasms
  6 giant cockroaches
  4 goblins
  2 hobgoblins (D:1)
  6 jackals (D:1)
  5 kobolds
  A quokka (D:3)
  3 ball pythons
  9 bats
  2 frilled lizards
  2 hobgoblin zombies (D:3)
  2 kobold skeletons (D:3)
  A kobold zombie (D:3)
  3 orc skeletons (D:3)
  An orc zombie (D:3)
  8 rats
71 creatures vanquished.

Notes
Turn   | Place    | Note
-------+----------+-------------------------------------------
     0 | D:1      | Peloso the Minotaur Fighter began the quest for the Orb.
     0 | D:1      | Reached XP level 1. HP: 19/19 MP: 0/0
   328 | D:1      | Reached XP level 2. HP: 27/27 MP: 1/1
  1119 | D:2      | Reached XP level 3. HP: 33/33 MP: 2/2
  1430 | D:2      | Found a snail-covered altar of Cheibriados.
  1946 | D:3      | Found a glowing golden altar of the Shining One.
  1961 | D:3      | Reached XP level 4. HP: 24/40 MP: 3/3
  1987 | D:3      | Found a glowing drain.
  2004 | Sewer    | Entered a sewer
  2033 | Sewer    | Noticed a brain worm
  2040 | Sewer    | Killed a brain worm
  2041 | Sewer    | Reached XP level 5. HP: 28/47 MP: 1/4
  2042 | Sewer    | Noticed a crocodile
  2070 | Sewer    | Killed a crocodile
  2071 | Sewer    | Reached skill level 1 in Dodging
  2071 | Sewer    | Reached skill level 1 in Shapeshifting
  2631 | D:3      | Noticed Grinder
  2639 | D:3      | Reached XP level 6. HP: 30/53 MP: 5/5
  2647 | D:3      | Slain by Grinder

Illustrated notes

Levels and vault maps discovered:
D:1:      saegor_arrival_simple_c, layout_basic, minmay_crystal_water
D:2:      layout_basic, basic_altar
D:3:      layout_basic, nicolae_tso_besieged_by_evil, portal_sewer_entry_f,
          pf_guarded_unrand_meek, uniq_grinder

Skill      XL: |  1  2  3  4  5 |
---------------+----------------+-----
Shields        | 4 |  4.4
Fighting       | 4 |  4.5
Armour         | 4 |  4.9
Long Blades    | 3 4 |  4.9
Dodging        | 1 |  1.2
Shapeshifting  | 1 |  1.0
Stealth        | |  0.2

Action                     |  1- 3 |  4- 6 || total
---------------------------+-------+-------++-------
  Melee: Long sword        |    85 |    56 ||   141
         Headbutt          |    12 |    13 ||    25
    Use: Scroll            |     4 |     2 ||     6
 Armour: Scale mail        |    83 |    52 ||   135
  Dodge: Dodged            |    47 |    41 ||    88
  Block: Buckler           |    29 |    13 ||    42
   Form: Beast             |     1 |       ||     1
